Map: Torres Crepusculares

Players

Ornel

  • Race: Zerg Zerg
  • League: Master

TheZergLord - Winner!

  • Race: Zerg Zerg
  • League: Master

VOD

Have the link to the VOD?

Description

Time

  • Played on: May 5, 2016, 12:53 p.m.
  • Length: 6:13
Show
View Real Time Build Order
Export as new Build Order

Ornel Zerg 

Build Orders: Hatch First 

Get SALT Encoding   

  12  0:01  Drone  
  13  0:12  Overlord  
  13  0:17  Drone  
  14  0:32  Drone x2  
  14  0:35  Drone  
  17  0:47  Drone  
  18  0:55  Hatchery  
  17  0:58  Drone  
  18  1:10  Spawning Pool  
  17  1:14  Drone  
  18  1:18  Drone  
  19  1:28  Overlord  
  19  1:45  Drone  
  20  1:57  Queen  
  20  1:58  Zergling x2  
  20  1:59  Spine Crawler  
  22  2:04  Drone  
  22  2:07  Queen  
  25  2:10  Drone  
  25  2:13  Drone  
  27  2:20  Drone  
  28  2:27  Overlord  
  28  2:31  Drone  
  28  2:33  Queen  
  31  2:38  Drone  
  31  2:40  Extractor  
  31  2:41  Extractor, Drone  
  31  2:43  Queen  
  33  3:03  Drone x3  
  36  3:06  Drone  
  36  3:07  Drone  
  37  3:13  Drone  
  38  3:20  Overlord  
  38  3:24  Roach Warren, Drone x3  
  40  3:36  Drone x2  
  40  3:37  Overlord  
  40  3:40  Lair  
  42  3:44  Drone  
  43  4:00  Drone x3  
  43  4:01  Drone  
  47  4:06  Hatchery  
  46  4:10  Roach x3  
  53  4:31  Extractor  
  53  4:32  Extractor  
  53  4:34  Overlord x3, Evolution Chamber  
  53  4:37  Glial Reconstitution  
  50  4:47  Overseer  
  50  4:52  Hatchery  
  49  4:59  Drone x3  
  52  5:02  Drone x3  
  52  5:03  Drone x3  
  52  5:04  Overlord  
  58  5:16  Roach x3  
  64  5:28  Roach  
  66  5:29  Roach x7  
  80  5:50  Roach x2  
Show
View Real Time Build Order
Export as new Build Order

TheZergLord Zerg - Winner!

Build Orders: Hatch First 

Get SALT Encoding   

  12  0:01  Drone  
  13  0:13  Overlord  
  13  0:17  Drone  
  14  0:31  Drone  
  14  0:32  Drone  
  14  0:35  Drone  
  17  0:53  Hatchery  
  17  0:55  Drone  
  17  1:09  Spawning Pool  
  16  1:12  Extractor  
  16  1:14  Drone  
  16  1:18  Drone  
  17  1:24  Drone  
  18  1:29  Drone  
  19  1:40  Overlord  
  19  1:53  Drone  
  20  1:57  Queen  
  20  2:01  Zergling x2  
  23  2:05  Queen  
  23  2:06  Drone  
  26  2:12  Drone  
  26  2:14  Metabolic Boost  
  27  2:16  Drone  
  28  2:23  Drone  
  29  2:30  Drone  
  29  2:36  Drone  
  31  2:41  Drone  
  32  2:47  Hatchery  
  32  2:49  Baneling Nest  
  30  2:54  Overlord  
  29  3:03  Drone  
  29  3:04  Drone x2  
  32  3:17  Roach Warren  
  32  3:19  Drone  
  34  3:20  Drone x5  
  34  3:24  Overlord  
  38  3:29  Zergling x2  
  38  3:33  Zergling x4  
  41  3:40  Zergling x4  
  43  3:46  Zergling x2  
  44  3:49  Overlord  
  44  3:50  Drone x3  
  44  3:53  Drone  
  44  3:54  Drone  
  49  3:59  Queen  
  49  4:00  Overlord  
  49  4:02  Overlord  
  51  4:03  Overlord  
  51  4:09  Roach  
  55  4:10  Roach  
  55  4:13  Roach  
  57  4:17  Roach x2  
  57  4:21  Extractor  
  59  4:27  Roach x3  
  59  4:28  Roach  
  66  4:35  Overlord  
  66  4:43  Roach x4  
  66  4:44  Roach  
  76  4:48  Roach x2  
  80  4:55  Overlord  
  80  4:58  Zergling x6  
  80  4:59  Zergling x2  
  84  5:05  Zergling x10  
  89  5:17  Zergling x6  
  89  5:18  Zergling x4  
  89  5:20  Ravager x2  
  96  5:35  Ravager  
  97  5:36  Overlord  
  97  5:37  Overlord x3  
  97  5:49  Overlord x2  
  97  5:50  Overlord  
Tags
 
Add a new tag
Caveats
  • Supply blocks, unpowered buildings, or Contaminate may cause inaccurate times.
  • Supply counts are checked every 10 seconds.